 Dungeon Crawl Stone Soup version 0.25.0-9-g26727b657a (webtiles) character file.

Game seed: 7175956874920963505

21 vurker the Chiller (level 2, -1/18 HPs)
             Began as an Octopode Ice Elementalist on June 16, 2020.
             Slain by a kobold
             ... wielding a +0 club
              (3 damage)
             ... on level 1 of the Dungeon.
             The game lasted 00:00:53 (939 turns).

vurker the Chiller (Octopode Ice Elementalist)       Turns: 939, Time: 00:00:53

Health: -1/18      AC:  1    Str:  7    XL:     2   Next: 87%
Magic:  1/5        EV: 13    Int: 17    God:
Gold:   39         SH:  0    Dex: 12    Spells: 4/5 levels left

rFire    . . .     SeeInvis .   (no weapon)
rCold    . . .     Gourm    .   (no shield)
rNeg     . . .     Faith    .   (helmet restricted)
rPois    .         Spirit   .   (no amulet)
rElec    .         Reflect  .   (no ring)
rCorr    .         Harm     .   (no ring)
MR       .....                  (no ring)
Stlth    +++.......             (no ring)
HPRegen  0.06/turn              (no ring)
MPRegen  0.09/turn              (no ring)
                                (no ring)
                                (no ring)

@: no status effects
A: almost no armour, stealthy swim, amphibious, 8 rings, constrict 8, camouflage
1, gelatinous body 1
a: no special abilities


You were on level 1 of the Dungeon.
You were not hungry.

You visited 1 branch of the dungeon, and saw 1 of its levels.

You collected 39 gold pieces.

Inventory:

Jewellery
 j - an uncursed ring of fire
   (You found it on level 1 of the Dungeon)
Scrolls
 a - 3 scrolls of teleportation {unknown}
 b - a scroll of enchant weapon {unknown}
 c - a scroll of fear {unknown}
 g - a scroll of immolation {unknown}
 h - a scroll of remove curse {unknown}
Potions
 d - a potion of flight {unknown}
 f - 3 potions of brilliance {unknown}
Comestibles
 e - 3 rations
 i - a chunk of flesh


   Skills:
 + Level 0.8 Fighting
 - Level 2.0 Dodging
 - Level 2.6 Stealth
 * Level 2.4 Spellcasting
 * Level 4.3 Ice Magic


You had 4 spell levels left.
You knew the following spells:

 Your Spells              Type           Power        Failure   Level  Hunger
a - Freeze                Ice            ###.         3%          1    #......

Your spell library contained the following spells:

 Spells                   Type           Power        Failure   Level  Hunger
 Frozen Ramparts          Ice            ###...       10%         3    ###....
 Ozocubu's Armour         Chrm/Ice       #.......     22%         3    ###....
 Hailstorm                Conj/Ice       #.......     58%         4    #####..
 Summon Ice Beast         Ice/Summ       #.......     58%         4    #####..


Dungeon Overview and Level Annotations

Branches:
Dungeon (1/15)

Altars:


Innate Abilities, Weirdness & Mutations

You cannot wear most types of armour.
You are very stealthy in the water. (Stealth+)
You are amphibious.
You can wear up to eight rings at the same time.
You can use your tentacles to constrict eight enemies at once.
Your skin changes colour to match your surroundings (Stealth+).
Your rubbery body absorbs attacks. (AC +1, EV +1)


Message History

You tentacle-slap the jackal but do no damage.
You constrict the jackal. The jackal closely misses you. The jackal bites you.
You tentacle-slap the jackal. You constrict the jackal.
You kill the jackal!
The jackal barely misses you.
You closely miss the jackal. Your grab misses the jackal.
The jackal closely misses you.
You barely miss the jackal. You grab the jackal.
Your squeeze misses the jackal.
You constrict the jackal, but do no damage.
The jackal bites you.
You tentacle-slap the jackal but do no damage.
You constrict the jackal. The jackal bites you.
* * * LOW HITPOINT WARNING * * *
The jackal completely misses you.
You tentacle-slap the jackal but do no damage.
You constrict the jackal. The jackal barely misses you.
You completely miss the jackal. You constrict the jackal.
The jackal barely misses you. The jackal misses you.
A kobold comes into view. It is wielding a +0 club.
Aim: a jackal (severely wounded, constricted by you)
You freeze the jackal!
You kill the jackal!
The kobold shouts!
The kobold throws a stone.
The stone hits you but does no damage.
You completely miss the hobgoblin. Your grab misses the hobgoblin.
The hobgoblin closely misses you.
You tentacle-slap the hobgoblin but do no damage.
Your grab misses the hobgoblin. The hobgoblin hits you.
* * * LOW HITPOINT WARNING * * *
You barely miss the hobgoblin. You grab the hobgoblin.
You constrict the hobgoblin. The hobgoblin hits you.
* * * LOW HITPOINT WARNING * * *
You tentacle-slap the hobgoblin. You constrict the hobgoblin.
The hobgoblin closely misses you.
You tentacle-slap the hobgoblin. You constrict the hobgoblin.
You kill the hobgoblin!
The kobold throws a stone.
The stone hits you but does no damage.
You tentacle-slap the kobold but do no damage.
Your grab misses the kobold.
You tentacle-slap the kobold but do no damage.
You grab the kobold.
You constrict the kobold, but do no damage.
The kobold barely misses you.
You tentacle-slap the kobold but do no damage.
You constrict the kobold, but do no damage.
The kobold barely misses you.
You barely miss the kobold. You constrict the kobold.
The kobold hits you with a +0 club.
You die...

### #.# ....... #.# ...K...
##'### ....... #....#
.......##########....# ........
.........##KK@'....# .....#..
h....h......###....# ........
..##........# #....# ....... ..
#.รท......# #....# #......
..#####........###....### #......
..................#+#...# #......
..............#.........###......
..............#.........'........
..............#.........##.......


You could see 2 kobolds.

Vanquished Creatures
  A dart slug (D:1)
  2 bats (D:1)
  3 goblins (D:1)
  3 hobgoblins (D:1)
  3 jackals (D:1)
  A kobold (D:1)
  2 frilled lizards (D:1)
  3 rats (D:1)
18 creatures vanquished.

Notes
Turn   | Place    | Note
-------+----------+-------------------------------------------
     0 | D:1      | vurker the Octopode Ice Elementalist began the quest for
                  | the Orb.
     0 | D:1      | Reached XP level 1. HP: 11/11 MP: 3/3
   553 | D:1      | Reached XP level 2. HP: 18/18 MP: 1/5
   939 | D:1      | Slain by a kobold

Illustrated notes

Levels and vault maps discovered:
D:1:      wander_arrival_fairy_ring, layout_basic, minmay_door_square,
          minmay_pentomino_p2

Action                   || total
-------------------------++-------
Melee: Unarmed           ||    33
       Constrict         ||     7
       Tentacles         ||     6
 Cast: Freeze            ||    16
 Stab: Sleeping          ||     3
Armor: Skin              ||     5
Dodge: Dodged            ||    22
